 Seeded DCSS version 0.31-a0-66-ge618eeaa78 (webtiles) character file.

Game seed: 6351066067085065685 (custom seed)

2 Esekla the Sneak (level 1, -2/16 HPs)
             Began as an Octopode Delver on May 22, 2023.
             Slain by an orc
             ... wielding a +0 mace
              (7 damage)
             ... on level 5 of the Dungeon.
             The game lasted 00:01:06 (97 turns).

Esekla the Sneak (Octopode Delver)                    Turns: 97, Time: 00:01:06

Health: -2/16      AC:  1    Str: 11    XL:     1   Next: 30%
Magic:  1/1        EV: 18    Int: 12    God:
Gold:   0          SH:  0    Dex: 13    Spells: 0/0 levels left

rFire   . . .        a - +0 falchion
rCold   . . .        (no shield)
rNeg    . . .        (helmet restricted)
rPois   .            (no amulet)
rElec   .            h - +5 ring of evasion
rCorr   .            (no ring)
SInv    .            (no ring)
Will    .....        (no ring)
Stlth   ++           (no ring)
HPRegen 0.22/turn    (no ring)
MPRegen 0.07/turn    (no ring)
                     (no ring)

%: no passive effects
@: confused
A: almost no armour, amphibious, 8 rings, camouflage 1, gelatinous body 1,
(nimble swimmer 1), tentacles
a: no special abilities


You were on level 5 of the Dungeon.
You visited 1 branch of the dungeon, and saw 1 of its levels.

Inventory:

Hand Weapons
 a - a +0 falchion (weapon)
Jewellery
 h - a +5 ring of evasion (left tentacle)
Wands
 f - a wand of digging (3)
Scrolls
 b - a scroll of fog
 c - a scroll of magic mapping
 d - a scroll of fear
Potions
 e - a potion of haste
 g - a potion of attraction {unknown}


   Skills:
 * Level 3.0 Fighting
 * Level 2.0 Long Blades
 * Level 2.0 Dodging
 + Level 6.6 Stealth


You couldn't memorise any spells.
You didn't know any spells.
Your spell library was empty.

Dungeon Overview and Level Annotations

Branches:
Dungeon (5/15)
 Temple: D:4-7

Altars:


Innate Abilities, Weirdness & Mutations

You cannot wear most types of armour.
You are amphibious.
You can wear up to eight rings at the same time.
Your skin changes colour to match your surroundings (Stealth+).
Your rubbery body absorbs attacks. (AC +1, EV +1)
((You are camouflaged when in or above water. (Stealth+)))
You have tentacles for arms and can constrict up to eight enemies at once.


Message History

You hear a shout!
An orc wizard comes into view. It is wielding a +0 dagger.
You see here a +5 ring of evasion.
h - a +5 ring of evasion
h - a +5 ring of evasion (left tentacle)
You hit the orc but do no damage. You grab the orc.
You squeeze the orc, but do no damage.
You constrict the orc, but do no damage.
The orc hits you with a +0 mace.
The orc wizard mumbles some strange words.
The orc wizard flickers and vanishes!
Deactivating autopickup; reactivate with Ctrl-A.
You slash the orc!
You kill the orc!
You constrict the orc, but do no damage.
The orc escapes!
You hit the orc but do no damage. Your grab misses the orc.
The orc closely misses you. Something hits you but does no damage.
The orc hits you with a +0 mace.
You hit the orc. You grab the orc.
The orc is moderately wounded.
You constrict the orc, but do no damage.
The orc closely misses you. Something hits you.
You miss something. Your squeeze misses something.
You constrict the orc, but do no damage.
Something hits you. The orc hits you with a +0 mace.
You hit something. You constrict the orc.
You hear some strange, mumbled words.
You are confused.
The orc closely misses you.
You constrict the orc. Something hits you. The orc misses you.
You constrict the orc.
You hear some strange, mumbled words.
A puff of flame appears from out of thin air!
The puff of flame hits you. The orc closely misses you.
You constrict the orc, but do no damage.
You hear some strange, mumbled words.
Something tries to affect you, but you resist.
The orc hits you with a +0 mace!
You die...

#.........#
#.........#
#.........#
#.........#
############.........#
#...>................#
#<.............){....#
#..............o@....#
#....................#
#....................#
#....................#
#....................#
....###+##'######+####
....#....#..........#
....'....#..........#
....#....#..........#


You could see an orc.

Vanquished Creatures
  An orc (D:5)
1 creature vanquished.

Notes
Turn   | Place    | Note
-------+----------+-------------------------------------------
     0 | D:5      | Esekla the Octopode Delver began the quest for the Orb.
     0 | D:5      | Reached XP level 1. HP: 16/16 MP: 1/1
    85 | D:5      | Noticed an orc wizard
    97 | D:5      | Slain by an orc

Illustrated notes

Levels and vault maps discovered:
D:5:      layout_gridville, lemuel_doored_altar

Action                     || total
---------------------------++-------
  Melee: Falchion          ||     6
         Constrict         ||     2
         Tentacles         ||     1
 Armour: Skin              ||     1
  Dodge: Dodged            ||     5

Table legend: (Time is in decaauts)
 A = Elapsed time spent in this place.
 B = Non-inter-level travel time spent in this place.
 C = Inter-level travel time spent in this place.
 D = Time resting spent in this place.
 E = Time spent auto-exploring this place.
 F = Levels seen in this place.
 G = Mean time per level.
                   A        B        C        D        E       F      G
               +--------+--------+--------+--------+--------+-----+--------+
         Total |     97 |     97 |      0 |      0 |      0 |   1 |   97.0 |
       Dungeon |     97 |     97 |      0 |      0 |      0 |   1 |   97.0 |
               +--------+--------+--------+--------+--------+-----+--------+

Top non-repeatable levels by time:
     D:5: 97 daAuts
